 Dungeon Crawl Stone Soup version 0.29.1-2-gbd0b4ee654 (webtiles) character file.

Game seed: 5914865986084913222

77009 Ekaitz the Eclecticist (level 16, -5/110 HPs)
             Began as a Djinni Air Elementalist on Nov 23, 2022.
             Was an Initiate of Gozag.
             Killed by an exploding orc sorcerer (9 damage)
             ... ignited by their inner flame
             ... on level 2 of the Orcish Mines on Nov 27, 2022.
             The game lasted 00:59:42 (28305 turns).

Ekaitz the Eclecticist (Djinni Air Elementalist)   Turns: 28305, Time: 00:59:43

Health: -5/110     AC: 15    Str: 13    XL:     16   Next: 3%
Gold:   2816       EV: 17    Int: 31    God:    Gozag SH:  9 Dex: 13

rFire   + + .      SeeInvis .   N - +6 war axe of Integrity {flame, Str+4}
rCold   . . .      Faith    .   Y - +0 buckler
rNeg    + . .      Spirit   .   S - quicksilver dragon scales
rPois   ∞          Reflect  +   X - +1 hat of the Stone Wall {rC+ Int+2}
rElec   .          Harm     .   o - +1 cloak
rCorr   .          Rampage  .   I - +0 pair of gloves
Will    +++..                   (boots unavailable)
Stlth   +++.......              T - amulet of reflection
HPRegen 0.28/turn               z - ring "Peocasme" {rN+ EV+4 Int+8 Dex-3 Stlth+}
MPRegen 0.00/turn               Z - ring of willpower

@: gold aura, flying
A: sickness immunity, fire resistance 2, cold vulnerability 1, float, innate
caster, HP casting, extra vitality 1
a: Renounce Religion, Potion Petition, Call Merchant, Bribe Branch


You were on level 2 of the Orcish Mines.
You worshipped Gozag.
Gozag was most pleased with you.
You visited 4 branches of the dungeon, and saw 20 of its levels.
You visited 1 bazaar.
You also visited: Sewer.

You collected 5488 gold pieces.
You spent 2637 gold pieces at shops.
You paid 35 gold pieces to Gozag.

Inventory:

Hand Weapons
 l - a +1 dire flail of protection
 r - a +2 scimitar of holy wrath
 G - a +1 dagger of venom
 L - a +1 long sword of draining
 N - the +6 war axe of Integrity (weapon) {flame, Str+4}
   (You found it on level 8 of the Dungeon)

   It burns those it strikes, dealing additional fire damage.
   Big, fiery blades are also staple armaments of hydra-hunters.
   Str:       It affects your strength (+4).
Missiles
 h - 57 poisoned darts
 H - 4 curare-tipped darts
Armour
 f - the +1 plate armour of the Nightmares {rF+ rC+ Str+4 Dex+3}
   (You found it in a bazaar)

   Str:       It affects your strength (+4).
   Dex:       It affects your dexterity (+3).
   rF:        It protects you from fire.
   rC:        It protects you from cold.
 m - a +2 robe of the Archmagi
 o - a +1 cloak (worn)
 y - the +1 chain mail "Tatusys" {rC+++ Will++ Dex-5}
   (You bought it in a shop in a bazaar)

   Dex:       It affects your dexterity (-5).
   rC:        It renders you almost immune to cold.
   Will:      It greatly increases your willpower.
 I - a +0 pair of gloves (worn)
 S - quicksilver dragon scales (worn)
 X - the +1 hat of the Stone Wall (worn) {rC+ Int+2}
   (You bought it in a shop on level 2 of the Dungeon)

   Int:       It affects your intelligence (+2).
   rC:        It protects you from cold.
 Y - a +0 buckler (worn)
Magical Staves
 j - a staff of air
Jewellery
 n - a ring of willpower
 z - the ring "Peocasme" (left hand) {rN+ EV+4 Int+8 Dex-3 Stlth+}
   (You found it on level 6 of the Dungeon)

   [ring of evasion]

   EV:        It affects your evasion (+4).
   Int:       It affects your intelligence (+8).
   Dex:       It affects your dexterity (-3).
   rN:        It protects you from negative energy.
   Stlth:     It makes you more stealthy.
 T - an amulet of reflection (around neck)
 Z - a ring of willpower (right hand)
Wands
 p - a wand of digging (6)
 s - a wand of roots (17)
 w - a wand of flame (35)
 E - a wand of mindburst (21)
 U - a wand of charming (5)
Scrolls
 b - 2 scrolls of fear
 d - a scroll of identify
 g - 7 scrolls of poison
 k - 4 scrolls of blinking
 q - 4 scrolls of immolation
 t - 4 scrolls of teleportation
 M - 5 scrolls of noise {unknown}
 O - a scroll of silence
 V - 2 scrolls of fog
Potions
 a - 12 potions of curing
 c - 3 potions of heal wounds
 e - 4 potions of brilliance
 i - a potion of ambrosia
 u - 2 potions of cancellation
 x - 5 potions of resistance
 B - 5 potions of mutation
 J - a potion of invisibility
 K - 6 potions of haste
 R - a potion of berserk rage


   Skills:
 * Level 8.5 Fighting
 + Level 0.5(0.6) Short Blades
 + Level 0.1(0.3) Long Blades
 + Level 1.0 Axes
 + Level 1.3 Staves
 + Level 4.5 Armour
 * Level 9.3 Dodging
 + Level 3.8 Stealth
 + Level 2.3 Shields
 * Level 16.1 Spellcasting
 * Level 7.9 Evocations


You had 13 spell levels left.
You knew the following spells:

 Your Spells              Type           Power      Damage    Failure   Level
a - Shock                 Conj/Air       100%       1d9       0%          1
b - Static Discharge      Conj/Air       90%        3-15/arc  0%          2
c - Swiftness             Air            90%        N/A       1%          3
d - Airstrike             Air            45%        2d(7-23)  1%          4
e - Necrotise             Necr           100%       1d9       0%          1
f - Poisonous Vapours     Pois/Air       100%       N/A       0%          2
g - Passwall              Tmut/Erth      75%        N/A       0%          2
h - Inner Flame           Hex/Fire       90%        N/A       1%          3
i - Blade Hands           Tmut           45%        N/A       1%          5
j - Manifold Assault      Tloc           90%        N/A       1%          5
k - Dispersal             Tloc           45%        N/A       1%          6
Your spell library was empty.

Dungeon Overview and Level Annotations

Branches:
Dungeon (12/15)            Temple (1/1) D:4            Lair (5/5) D:10
  Swamp (0/4) Lair:3       Spider (0/4) Lair:2        Slime (0/5) Lair:4
    Orc (2/2) D:10            Elf (0/3) Orc:2         Sewer (visited)

Altars:
Ashenzari
Cheibriados
Dithmenos
Elyvilon
Fedhas
Gozag
Hepliaklqana
Makhleb
Nemelex Xobeh
Okawaru
Qazlal
Ru
Trog
Uskayaw
Wu Jian
Xom
Yredelemnul
Zin
The Shining One
Jiyva

Shops:
D:2 [   D:6 !   Orc:2 :

Annotations:
D:9 Erolcha


Innate Abilities, Weirdness & Mutations

You are immune to sickness and miasma.
You are immune to poison.
Your flesh is very heat resistant. (rF++)
You are vulnerable to cold. (rC-)
You float through the air rather than walking.
You learn spells naturally, not from books.
Your magical power is your life essence.
You have superior vitality. (+4 MHP)


Message History

The orc sorcerer hits you but does no damage.
The orc priest mumbles some strange prayers to Beogh against you.
Beogh smites you!
* * * LOW HITPOINT WARNING * * *
The orc knight hits you with a +0 long sword.
* * * LOW HITPOINT WARNING * * *
You hear a shout!
Unknown command.
You feel much better. The orc warrior barely misses you.
You block the orc sorcerer's attack.
The orc priest calls down the wrath of Beogh upon you.
Beogh smites you!
* * * LOW HITPOINT WARNING * * *
The orc knight roars a battlecry!
The orc wizard goes into a battle-frenzy!
You hear a shout!
You slash the orc knight! You burn the orc knight.
The orc knight is lightly wounded.
You closely miss the orc sorcerer.
You hear a shout!
The orc sorcerer barely misses you. The orc warrior closely misses you.
The orc knight hits you with a +0 long sword!
* * * LOW HITPOINT WARNING * * *
The orc knight hits you with a +0 long sword.
* * * LOW HITPOINT WARNING * * *
You block the orc warrior's attack. The orc sorcerer misses you.
Unknown command.
As you read the scroll labelled KAMOEZUBBER, it crumbles to dust.
The creatures around you are filled with an inner flame!
It was a scroll of immolation.
Flame seeps out of the orc sorcerer.
The orc priest calls upon Beogh to heal the orc warrior.
The orc warrior is healed somewhat.
The orc warrior hits you from afar with a +0 halberd!
* * * LOW HITPOINT WARNING * * *
The orc sorcerer is engulfed in blazing flames.
The ice devil disappears in a puff of smoke!
The orc sorcerer explodes!
The fiery explosion engulfs you! You resist.
You die...
Your body crumbles into a pile of gold.

*,,*,,,,,,,,,,,#..#
**,,**,,,...,,,##oo##
*,,,,**,,...,,*#.o..# *
*,*,,,,,,#.#o..o..#o# *
*,**,,,,,#.#.....##o#
****,,***,,,#.#...###o.#
,,***,,*****#.######oo## *,*
**...####.####o§o## ,$*
**#.......o@○o### ,,*
######.######
*,******#####.#########
,,,,,,,,#.............#
,,,,,$............#..##
,,,,,,...............#
,,,,,,............#.## ##*
,........#.........######.**
,............#......#.##..^*


You could see an orc knight (inner flame), an orc sorcerer (inner flame), 3 orc
warriors, an orc priest (inner flame, strong) and an orc wizard (inner flame,
strong).

Vanquished Creatures
  Josephine (Orc:1)
  3 hydras
  A catoblepas (Lair:3)
  A two-headed ogre (D:12)
  A merfolk avatar (Lair:5)
  Urug (Lair:1)
  A bog body (Lair:3)
  A lindwurm (Lair:2)
  A harpy (Lair:5)
  2 orc sorcerers (Orc:2)
  An ugly thing (D:12)
  A manticore (Lair:5)
  2 cyclopes
  33 elephants
  2 black mambas
  10 cane toads
  A kobold demonologist (D:6)
  8 komodo dragons
  5 rime drakes
  2 polar bears
  5 trolls
  2 wind drakes (Lair:5)
  A hornet (Lair:5)
  5 slime creatures
  5 snapping turtles (Lair:5)
  10 blink frogs
  5 dream sheep (Lair:3)
  3 culicivoras (Lair:2)
  8 wyverns
  41 yaks
  6 wraiths
  A vampire (D:11)
  7 basilisks
  4 steam dragons
  3 swamp worms (Lair:3)
  Menkaure (D:6)
  5 vampire mosquitoes
  An acid dragon (D:9)
  11 water moccasins
  10 orc warriors
  A sky beast (D:6)
  An ice beast (D:6)
  A black bear (Lair:2)
  10 ogres
  15 wolves
  2 centaurs
  9 kobold brigands
  2 phantoms (D:5)
  3 necrophages
  8 bullfrogs
  2 scorpions
  A gnoll sergeant (D:11)
  5 wights (D:9)
  8 killer bees
  4 electric eels
  3 howler monkeys (D:12)
  3 hounds
  2 gnoll boudas
  10 orc priests
  3 jellies
  3 iron imps (D:4)
  Crazy Yiuf (D:2)
  Jessica (D:2)
  An iguana (D:5)
  Natasha (D:3)
  17 orc wizards
  14 gnolls
  6 adders
  2 white imps
  3 worms
  51 orcs
  5 ball pythons
  6 bats
  8 endoplasms
  5 giant cockroaches
  5 goblins
  8 hobgoblins
  7 jackals
  27 kobolds
  6 quokkas
  A frilled lizard (D:1)
  A goblin skeleton (D:4)
  3 goblin zombies (D:4)
  2 hobgoblin zombies (D:4)
  A kobold skeleton (D:4)
  11 rats
501 creatures vanquished.

Vanquished Creatures (others)
  An orc priest (Orc:2)
  57 fungi
  86 plants
144 creatures vanquished.

Grand Total: 645 creatures vanquished

Notes
Turn   | Place    | Note
-------+----------+-------------------------------------------
     0 | D:1      | Ekaitz the Djinni Air Elementalist began the quest for the
                  | Orb.
     0 | D:1      | Ekaitz set off with the following spells memorised: Shock,
                  | Static Discharge, Swiftness, Airstrike.
     0 | D:1      | Reached XP level 1. HP: 15/15 MP: 0/0
    50 | D:1      | Reached XP level 2. HP: 4/21 MP: 0/0
   796 | D:1      | Reached skill level 3 in Spellcasting
   803 | D:1      | Reached XP level 3. HP: 16/25 MP: 0/0
   803 | D:1      | Learned a level 1 spell: Necrotise
  1175 | D:1      | Found a faded altar of an unknown god.
  1617 | D:2      | Found Qykhov's Armour Shop.
  1722 | D:2      | Noticed an ogre
  1738 | D:2      | Killed an ogre
  1739 | D:2      | Reached XP level 4. HP: 18/31 MP: 0/0
  1739 | D:2      | Reached XP level 5. HP: 21/36 MP: 0/0
  1739 | D:2      | Learned a level 2 spell: Poisonous Vapours
  2172 | D:2      | Found a runed translucent door.
  2173 | D:2      | Noticed Crazy Yiuf
  2186 | D:2      | Killed Crazy Yiuf
  2187 | D:2      | Reached skill level 1 in Fighting
  2187 | D:2      | Reached skill level 4 in Spellcasting
  2187 | D:2      | Reached skill level 1 in Evocations
  2357 | D:2      | Noticed Jessica
  2360 | D:2      | Killed Jessica
  2429 | D:2      | Reached XP level 6. HP: 41/42 MP: 0/0
  2911 | D:3      | Found an iron altar of Okawaru.
  2980 | D:3      | Noticed Natasha
  2985 | D:3      | Killed Natasha
  3262 | D:4      | Noticed an ogre
  3346 | D:4      | Noticed an ogre
  3350 | D:4      | Killed an ogre
  3351 | D:4      | Reached XP level 7. HP: 43/47 MP: 0/0
  3351 | D:4      | Learned a level 2 spell: Passwall
  3351 | D:4      | Noticed a steam dragon
  3365 | D:4      | Killed a steam dragon
  3366 | D:4      | Reached skill level 5 in Spellcasting
  3597 | D:4      | Found a staircase to the Ecumenical Temple.
  3605 | Temple   | Entered the Ecumenical Temple
  3673 | Temple   | Became a worshipper of Gozag Ym Sagoz the Greedy
  3908 | D:4      | Found a glowing golden altar of the Shining One.
  3919 | D:4      | Reached XP level 8. HP: 46/54 MP: 0/0
  4100 | D:4      | Found a burning altar of Makhleb.
  4379 | D:5      | Entered Level 5 of the Dungeon
  4391 | D:5      | Reached skill level 6 in Spellcasting
  4608 | D:5      | Found a sparkling altar of Nemelex Xobeh.
  5224 | D:5      | Reached skill level 7 in Spellcasting
  5772 | D:6      | Found a glowing drain.
  5790 | Sewer    | Entered a sewer
  5858 | Sewer    | Reached XP level 9. HP: 56/59 MP: 0/0
  5858 | Sewer    | Learned a level 3 spell: Inner Flame
  5944 | Sewer    | Found a glowing silver altar of Zin.
  6014 | D:6      | Noticed a kobold demonologist
  6022 | D:6      | Killed a kobold demonologist
  6320 | D:6      | Reached skill level 8 in Spellcasting
  6515 | D:6      | Found a sacrificial altar of Ru.
  6903 | D:6      | Found Juukhedgh's Distillery.
  6907 | D:6      | Noticed Menkaure
  6911 | D:6      | Killed Menkaure
  6971 | D:6      | Bought a potion of curing for 30 gold pieces
  6971 | D:6      | Bought a potion of degeneration for 10 gold pieces
  6971 | D:6      | Bought a potion of invisibility for 80 gold pieces
  6971 | D:6      | Bought a potion of haste for 100 gold pieces
  6971 | D:6      | Bought a potion of brilliance for 40 gold pieces
  7034 | D:6      | Identified the ring "Peocasme" {rN+ EV+4 Int+8 Dex-3
                  | Stlth+}
  7388 | D:6      | Reached XP level 10. HP: 63/67 MP: 0/0
  7517 | D:6      | Reached skill level 9 in Spellcasting
  8182 | D:7      | Reached skill level 5 in Dodging
  8565 | D:7      | You are sucked into a shaft and drop 3 floors!
  8565 | D:10     | Entered Level 10 of the Dungeon
  8844 | D:9      | Noticed Erolcha
  9145 | D:9      | Reached skill level 10 in Spellcasting
  9819 | D:8      | Identified the +6 war axe of Integrity {flame, Str+4}
 10117 | D:8      | Reached XP level 11. HP: 41/74 MP: 0/0
 10117 | D:8      | Learned a level 5 spell: Blade Hands
 11143 | D:10     | Found a staircase to the Lair.
 12005 | D:10     | Reached skill level 11 in Spellcasting
 12066 | D:10     | Found a staircase to the Orcish Mines.
 12136 | D:10     | Reached skill level 5 in Fighting
 12216 | D:10     | Found an ornate altar of the Wu Jian Council.
 12244 | D:10     | Found a blossoming altar of Fedhas.
 13026 | D:11     | Noticed a cyclops
 13048 | D:11     | Killed a cyclops
 13706 | D:12     | Noticed a red ugly thing
 13710 | D:12     | Killed a red ugly thing
 14348 | D:12     | Noticed a two-headed ogre
 14348 | D:12     | Noticed a skeletal warrior
 14374 | D:12     | Killed a two-headed ogre
 14375 | D:12     | Reached skill level 5 in Evocations
 14375 | D:12     | Reached XP level 12. HP: 72/82 MP: 0/0
 14450 | Lair:1   | Entered Level 1 of the Lair of Beasts
 14611 | Lair:1   | Reached skill level 12 in Spellcasting
 14815 | Lair:1   | Reached skill level 1 in Armour
 15522 | Lair:1   | Noticed Urug
 15533 | Lair:1   | Killed Urug
 15719 | D:2      | Bought a +2 ring mail of cold resistance for 231 gold
                  | pieces
 15719 | D:2      | Bought the +1 hat of the Stone Wall {rC+ Int+2} for 299
                  | gold pieces
 16101 | Lair:2   | Noticed a five-headed hydra
 16108 | Lair:2   | Killed a five-headed hydra
 16134 | Lair:2   | Noticed an eight-headed hydra
 16594 | Lair:2   | Found a hole to the Spider Nest.
 17164 | Lair:2   | Killed an eight-headed hydra
 17165 | Lair:2   | Reached skill level 13 in Spellcasting
 17575 | Lair:2   | Reached XP level 13. HP: 69/89 MP: 0/0
 17575 | Lair:2   | Learned a level 5 spell: Manifold Assault
 17995 | Lair:3   | Noticed a catoblepas
 18001 | Lair:3   | Killed a catoblepas
 18454 | Lair:3   | Noticed a seven-headed hydra
 18506 | Lair:3   | Killed a seven-headed hydra
 18760 | Lair:3   | Reached skill level 14 in Spellcasting
 19214 | Lair:3   | Found a staircase to the Swamp.
 21265 | Lair:4   | Found a staircase to the Slime Pits.
 21847 | Lair:4   | Identified the +1 dagger of the Five Lives {antimagic,
                  | rElec}
 21873 | Lair:4   | Found a viscous altar of Jiyva.
 21888 | Lair:4   | Reached XP level 14. HP: 88/96 MP: 0/0
 23025 | Lair:5   | Entered Level 5 of the Lair of Beasts
 23069 | Lair:5   | Reached skill level 1 in Shields
 23492 | Lair:5   | Reached skill level 15 in Spellcasting
 26309 | Lair:5   | Identified the +0 trident of Zuobravoyj {flame, rElec rCorr
                  | Str-4 Dex+4}
 26328 | Lair:5   | Reached skill level 1 in Staves
 26328 | Lair:5   | Reached XP level 15. HP: 104/104 MP: 0/0
 26328 | Lair:5   | Learned a level 6 spell: Dispersal
 26821 | Orc:1    | Entered Level 1 of the Orcish Mines
 27112 | Orc:1    | Noticed Josephine
 27119 | Orc:1    | Reached skill level 16 in Spellcasting
 27120 | Orc:1    | Killed Josephine
 27514 | Orc:2    | Entered Level 2 of the Orcish Mines
 27514 | Orc:2    | Found a staircase to the Elven Halls.
 27534 | Orc:2    | Reached XP level 16. HP: 74/110 MP: 0/0
 27555 | Orc:2    | Reached skill level 1 in Axes
 27704 | Orc:2    | Found a flickering gateway to a bazaar.
 27712 | Orc:2    | HP: 5/110 [/static electricity (5)]
 27743 | Bazaar   | Entered a bazaar
 27743 | Bazaar   | Found Juut's Weapon Boutique.
 27743 | Bazaar   | Found Keluos's Antique Armour Shop.
 27743 | Bazaar   | Found Ysopij's Armour Shop.
 28192 | Bazaar   | Identified the +1 plate armour of the Nightmares {rF+ rC+
                  | Str+4 Dex+3}
 28202 | Bazaar   | Bought a runed robe for 88 gold pieces
 28202 | Bazaar   | Bought a glowing robe for 88 gold pieces
 28204 | Bazaar   | Bought the +9 battleaxe of Meucaum {vorpal, rPois rC- rN++
                  | Int+2} for 736 gold pieces
 28206 | Bazaar   | Bought the +1 chain mail "Tatusys" {rC+++ Will++ Dex-5} for
                  | 935 gold pieces
 28281 | Orc:2    | Found Otulusch's Book Shoppe.
 28301 | Orc:2    | HP: 3/110 [orc warrior/+0 halberd (28)]
 28305 | Orc:2    | Killed by an exploding orc sorcerer... ignited by their
                  | inner flame

Illustrated notes

Levels and vault maps discovered:
D:1:      onia_arrival_handbag, layout_loops_cross, serial_aquarium,
          aquarium_bridge_straight [aquarium_subvault_bridge,
          aquarium_subvault_window, aquarium_subvault_bridge,
          aquarium_subvault_window], aquarium_window_corridor_1,
          aquarium_window_fake, aquarium_window_1, aquarium_window_fake,
          aquarium_view_2d, aquarium_view_2c, aquarium_pool_S,
          hellmonk_ecumenical_altar_heavens_door
D:2:      layout_loops_cross, serial_shops, shop, uniq_jessica,
          uniq_crazy_yiuf_cottage
D:3:      layout_basic, lemuel_crystal_altar, uniq_natasha
D:4:      layout_rooms, nicolae_tso_besieged_by_evil, demons_altar,
          minmay_temple_entry_gardened_gates
D:5:      layout_cave_pools, mainiacjoe_overflow_cross_hatched
D:6:      layout_cave_pods, kennysheep_mini_moat, portal_sewer_entry_b,
          serial_shops, nicolae_shop_waterfront, uniq_menkaure
D:7:      layout_cave_pools, tgw_sif, kennysheep_opposing_triangles
D:8:      layout_basic, vehumet_altar_wand_db
D:9:      layout_loops_cross, minmay_misc_feat_encased, uniq_erolcha
D:10:     layout_long_grid, mainiacjoe_overflow_two_lobes, lair_entry_dummy,
          david_orc_2
D:11:     layout_basic
D:12:     layout_small_grid, serial_shops, nicolae_shop_crystal, uniq_snorg
Temple:   nicolae_temple_god_jail
Lair:1:   layout_loops_ring, chequers_serial_rivers_marsh, uniq_urug
Lair:2:   layout_misc_corridors, hellmonk_spider_entry_life_and_decay,
          nicolae_lair_lindhole
Lair:3:   layout_gridlike, nicolae_swamp_entry_splash_gauntlet,
          nicolae_quartered_pool_impasse, serial_bayou_shore_b
Lair:4:   layout_regular_city, slime_entry_1
Lair:5:   gammafunk_lair_ancient_temple, layout_loops_ring, minivault_24
Orc:1:    layout_caves, uniq_josephine
Orc:2:    st_orc_elflike, layout_caves, serial_shops, bzr_entry_water

Skill      XL: |  1  2  3  4  5  6  7  8  9 10 11 12 13 14 15 16 |
---------------+-------------------------------------------------+-----
Spellcasting   | 3 4 5 7 8 10 11 13 14 15 16 | 16.1
Fighting       | 1 2 3 4 5 6 7 8 |  8.5
Evocations     | 1 2 3 4 5 6 7 |  7.9
Stealth        | 2 3 |  3.8
Dodging        | 3 4 5 6 7 8 9 |  9.3
Armour         | 2 3 4 |  4.5
Shields        | 2 |  2.3
Staves         | 1 |  1.3
Axes           | 1 |  1.0
Short Blades   | |  0.5
Long Blades    | |  0.1

Action                   |  1- 3 |  4- 6 |  7- 9 | 10-12 | 13-15 | 16-18 || total
-------------------------+-------+-------+-------+-------+-------+-------++-------
Melee: Dagger            |     1 |       |       |     2 |       |       ||     3
       Staff             |       |       |       |     3 |       |       ||     3
       Unarmed           |       |       |       |     4 |       |       ||     4
       Long sword        |       |       |       |       |    12 |       ||    12
       War axe           |       |       |       |       |    41 |    19 ||    60
 Cast: Shock             |    67 |    65 |   209 |   366 |   155 |     2 ||   864
       Necrotise         |     7 |     1 |       |     5 |       |       ||    13
       Poisonous Vapours |       |     2 |       |    41 |   105 |    13 ||   161
       Swiftness         |       |     1 |       |     2 |     1 |       ||     4
       Static Discharge  |       |       |    10 |    57 |    66 |     3 ||   136
       Airstrike         |       |       |    25 |    58 |   178 |    14 ||   275
       Blade Hands       |       |       |       |     1 |       |       ||     1
       Manifold Assault  |       |       |       |       |    14 |     2 ||    16
       Inner Flame       |       |       |       |       |     3 |       ||     3
Evoke: Wand              |       |       |       |     3 |     9 |       ||    12
  Use: Scroll            |       |       |       |    12 |     8 |     2 ||    22
       Potion            |       |       |       |       |     1 |     2 ||     3
 Stab: Sleeping          |     1 |       |       |     1 |     1 |       ||     3
Armor: Robe              |     1 |       |       |       |       |       ||     1
       Steam dragon scal |       |       |     6 |    13 |       |       ||    19
       Quicksilver drago |       |       |       |    20 |    30 |     3 ||    53
Dodge: Dodged            |     8 |     2 |    19 |   111 |    79 |    15 ||   234
Block: Other             |       |       |       |    18 |       |       ||    18
       Reflection        |       |       |       |     1 |     3 |       ||     4
       Buckler           |       |       |       |     2 |    50 |    16 ||    68
